 Dungeon Crawl Stone Soup version 0.29-a0-380-gf50f0a9fbc (webtiles) character file.

Game seed: 11129667048509671861

65190 spaghetti the Spear-Bearer (level 15, -9/96 HPs)
             Began as a Gnoll Berserker on May 5, 2022.
             Was an Elder of Trog.
             Mangled by a ghost moth (10 damage)
             ... on level 3 of the Abyss.
             The game lasted 00:46:52 (28511 turns).

spaghetti the Spear-Bearer (Gnoll Berserker)       Turns: 28511, Time: 00:46:52

Health: -9/96      AC: 18    Str: 21    XL:     15   Next: 15%
Magic:  23/28      EV: 20    Int:  7    God:    Trog [****..]
Gold:   729        SH:  0    Dex: 31    Spells: 33/33 levels left

rFire   + + .      SeeInvis .   a - +4 dagger of Luta {drain, rC- Str+2 Dex+9, short}
rCold   x x .      Faith    .   (no shield)
rNeg    . . .      Spirit   .   k - +0 fire dragon scales
rPois   .          Reflect  .   L - +0 helmet
rElec   .          Harm     .   (no cloak)
rCorr   .          Rampage  .   Q - +1 pair of gloves
Will    +++..                   i - +0 pair of boots
Stlth   ++++......              (no amulet)
HPRegen 1.26/turn               F - +4 ring of slaying
MPRegen 0.21/turn               S - +6 ring of dexterity

@: about to teleport, strong-willed, regenerating
A: fangs 1, strong nose, distributed training, shaggy fur 1, MP-powered wands,
[frail 2]
a: Renounce Religion, Berserk, Trog's Hand, Brothers in Arms


You were on level 3 of the Abyss.
You worshipped Trog.
Trog was greatly pleased with you.
You visited 2 branches of the dungeon, and saw 20 of its levels.
You visited the Abyss 1 time.

You collected 1403 gold pieces.
You spent 674 gold pieces at shops.


Innate Abilities, Weirdness & Mutations

You have very sharp teeth.
Your uncanny sense of smell can sniff out nearby items.
Your experience applies equally to all skills.
You are covered in fur. (AC +1)
You expend magic power (3 MP) to strengthen your wands.
[You are very frail. (-20% HP)]


   Skills:
 + Level 11.8 Fighting
 + Level 9.9 Short Blades
 + Level 9.9 Long Blades
 + Level 9.9 Axes
 + Level 9.9 Maces & Flails
 + Level 11.8 Polearms
 + Level 9.9 Staves
 + Level 9.9 Slings
 + Level 9.9 Bows
 + Level 9.9 Crossbows
 + Level 9.9 Throwing
 + Level 10.9 Armour
 + Level 10.9 Dodging
 + Level 9.9 Stealth
 + Level 9.9 Shields
 + Level 9.9 Unarmed Combat
 + Level 9.9 Spellcasting
 + Level 8.2 Conjurations
 + Level 8.2 Hexes
 + Level 8.2 Summonings
 + Level 8.2 Necromancy
 + Level 8.2 Translocations
 + Level 8.2 Transmutations
 + Level 8.2 Fire Magic
 + Level 8.2 Ice Magic
 + Level 8.2 Air Magic
 + Level 8.2 Earth Magic
 + Level 8.2 Poison Magic
 + Level 10.7 Invocations
 + Level 9.9 Evocations


You had 33 spell levels left.
You didn't know any spells.
Your spell library contained the following spells:

 Spells                   Type           Power      Damage    Failure   Level
 Magic Dart               Conj           60%        1d6       1%          1
 Slow                     Hex            60%        N/A       1%          1
 Scorch                   Fire           30%        2d6       2%          2
 Searing Ray              Conj           30%        2d5       2%          2
 Static Discharge         Conj/Air       15%        N/A       2%          2
 Conjure Flame            Conj/Fire      15%        6-21      4%          3
 Gell's Gravitas          Tloc           15%        N/A       4%          3
 Ignite Poison            Fire/Tmut/Pois 15%        N/A       4%          3
 Lesser Beckoning         Tloc           15%        N/A       4%          3
 Ozocubu's Armour         Ice            15%        N/A       4%          3
 Teleport Other           Tloc           15%        N/A       4%          3
 Dispel Undead            Necr           15%        3d10      14%         4
 Flame Wave               Conj/Fire      15%        2d6       14%         4
 Fulminant Prism          Conj/Hex       7%         3d7       14%         4
 Hailstorm                Conj/Ice       15%        3d5       14%         4
 Ice Form                 Ice/Tmut       15%        N/A       14%         4
 Iskenderun's Mystic Bla  Conj/Tloc      15%        2d5       14%         4
 Passage of Golubria      Tloc           15%        N/A       14%         4
 Sticky Flame             Conj/Fire      15%        2d4       14%         4
 Fireball                 Conj/Fire      7%         3d5       38%         5
 Irradiate                Conj/Tmut      7%         3d15      38%         5
 Iskenderun's Battlesphe  Conj           15%        2d7       38%         5
 Lee's Rapid Deconstruct  Erth           7%         3d8*      38%         5
 Lightning Bolt           Conj/Air       7%         1d20      38%         5
 Metabolic Englaciation   Hex/Ice        7%         N/A       38%         5
 Silence                  Hex/Air        7%         N/A       38%         5
 Summon Forest            Summ/Tloc      7%         N/A       38%         5
 Summon Mana Viper        Hex/Summ       15%        N/A       38%         5
 Conjure Ball Lightning   Conj/Air       7%         3x3d6     92%         6
 Simulacrum               Ice/Necr       7%         N/A       92%         6
 Summon Cactus Giant      Summ           7%         N/A       92%         6
 Enfeeble                 Hex            7%         N/A       100%        7
 Orb of Destruction       Conj           7%         9d6       100%        7
 Lehudib's Crystal Spear  Conj/Erth      7%         10d3      100%        8
 Maxwell's Capacitive Co  Air            7%         ∞         100%        8

Inventory:

Hand Weapons
 a - the +4 dagger of Luta (weapon) {drain, rC- Str+2 Dex+9, short}
   (You found it on level 3 of the Dungeon)

   A truly terrible weapon, it drains the life of any living foe it strikes.
   Str:       It affects your strength (+2).
   Dex:       It affects your dexterity (+9).
   rC:        It makes you vulnerable to cold.
 b - the +6 triple crossbow of the Mauling Gods {flame, rPois Dex+4, crossbow}
   (You bought it in a shop on level 13 of the Dungeon)

   Any ammunition fired from it burns those it strikes, dealing additional fire
   damage.
   Dex:       It affects your dexterity (+4).
   rPois:     It protects you from poison.
 V - a +0 executioner's axe of venom {axerare=g}
   (You bought it in a shop on level 10 of the Dungeon)
Missiles
 d - 590 stones (quivered) {throwing}
 g - 25 poisoned darts {throwing}
 s - 9 curare-tipped darts {=fthrowing}
 u - 10 javelins {throwing}
 y - 22 boomerangs {throwing}
 T - a throwing net {=f!fthrowing}
Armour
 i - a +0 pair of boots (worn)
   (You found it on level 15 of the Dungeon)
 k - +0 fire dragon scales (worn)
   (You found it on level 14 of the Dungeon)
 L - a +0 helmet (worn)
   (You found it on level 1 of the Lair of Beasts)
 P - the +1 leather armour of Nimuw {+Inv rF+ SInv}
   (You found it on level 4 of the Lair of Beasts)

   rF:        It protects you from fire.
   SInv:      It lets you see invisible.
   +Inv:      It lets you turn invisible.
 Q - a +1 pair of gloves (worn)
   (You found it on level 5 of the Lair of Beasts)
Jewellery
 F - a +4 ring of slaying (left hand)
   (You took it off a kobold brigand on level 7 of the Dungeon)
 O - a ring of ice
   (You found it on level 4 of the Lair of Beasts)
 S - a +6 ring of dexterity (right hand)
   (You found it on level 10 of the Dungeon)
 U - a ring of magical power
   (You found it on level 15 of the Dungeon)
Wands
 l - a wand of polymorph (10)
   (You found it on level 9 of the Dungeon)
 p - a wand of charming (14)
   (You found it on level 3 of the Dungeon)
 r - a wand of acid (26)
   (You found it on level 3 of the Dungeon)
 x - a wand of iceblast (17)
   (You found it on level 5 of the Dungeon)
 z - a wand of paralysis (16)
   (You took it off an orc on level 5 of the Dungeon)
 B - a wand of flame (50)
   (You took it off Psyche on level 9 of the Dungeon)
 X - a wand of mindburst (14)
   (You found it on level 11 of the Dungeon)
Scrolls
 h - a scroll of blinking {!r}
 j - 4 scrolls of enchant weapon
 m - 4 scrolls of poison {!r}
 n - a scroll of silence {!r}
 o - 5 scrolls of identify {@r1}
 t - 5 scrolls of fog
 v - 8 scrolls of vulnerability {!r!r}
 w - 5 scrolls of magic mapping {!r}
 C - 5 scrolls of teleportation {@r4}
 G - 5 scrolls of enchant armour
 K - 3 scrolls of immolation {!r!r}
Potions
 c - 6 potions of flight
 e - 2 potions of cancellation
 f - 5 potions of haste {@q3}
 A - 7 potions of curing {@q1}
 D - a potion of attraction {!q}
 E - 4 potions of berserk rage {!q}
 H - 2 potions of heal wounds {@q2}
 M - a potion of mutation {!q}
 N - 2 potions of might
 R - a potion of invisibility
 W - 2 potions of resistance
 Z - a potion of ambrosia

Dungeon Overview and Level Annotations

Branches:
Dungeon (15/15)            Temple (0/1) D:6            Lair (5/6) D:9
 Shoals (0/4) Lair:2        Snake (0/4) Lair:4          Orc (0/2) D:11
 Vaults (0/5) D:14         Depths (0/4) D:15
  Slime: Lair:5-6

Altars:
Ashenzari
Cheibriados
Fedhas
Hepliaklqana
Qazlal
Ru
Trog
Wu Jian
Yredelemnul
The Shining One

Shops:
D:10 *   D:13 (:*?*

Annotations:
D:9 1 runed translucent door, NateTC's ghost, journeyman MiFi
Lair:5 exclusion: 3 oklob plants

## ≈≈P♣# ##
≈#. ##.#
#..#...♣
#.#.#..#
#..s#.♣
#.@..)#
#♣#♣#$$mmk..
∆8?#### $?$#
##... e♣..
.♣.♣ ..♣#


You could see a broodmother, a merfolk javelineer, a wind drake (repels
missiles) and a merfolk.


Message History

The large abomination attacks as you move away!
The large abomination closely misses you. 😮 HP[+2]
You regained 2 hp, and now have 64/120 hp.
Unknown command.
Unknown command.
The large abomination attacks as you move away!
The large abomination misses you. 😮 HP[+1] Unknown command.
Unknown command.
Unknown command.
The large abomination attacks as you move away!
The large abomination hits you but does no damage.
The large abomination hits you.
* * * LOW HITPOINT WARNING * * *
😨 HP[-5]
You take 5 damage, and now have 60/120 hp.
Unknown command.
Unknown command.
A wretched star comes into view. 😮 HP[+2]
You regained 2 hp, and now have 62/120 hp.
Unknown command.
The large abomination attacks as you move away!
The large abomination closely misses you. 😮 HP[+1] Unknown command.
Unknown command.
Unknown command. 😮 HP[+1] Unknown command.
Unknown command.
Unknown command.
The wretched star pulses with an eldritch light!
You feel frail. x2 😮 HP[+2]
You now have 96 max hp (-24).
You regained 2 hp, and now have 66/96 hp.
Unknown command.
Unknown command.
You are suddenly pulled into a different region of the Abyss!
A broodmother and a tarantella come into view. 😮 HP[+1]
The helpless tarantella fails to defend itself.
You perforate the tarantella like a sieve!!!!!
You kill the tarantella!
That felt strangely unrewarding.
A merfolk and a deep elf knight come into view.
The broodmother hisses angrily.
The deep elf knight shouts!
A +2 short sword of draining comes into view.
The deep elf knight mumbles some strange words.
The deep elf knight flickers and vanishes!
Deactivating autopickup; reactivate with Ctrl-A. 😮 HP[+2]
You regained 2 hp, and now have 69/96 hp.
Unknown command.
Unknown command.
A wind drake, a bloated husk and a deep elf archer come into view.
A merfolk javelineer comes into view.
It is wielding a +0 vampiric spear. 😮 HP[+1] Unknown command.
Unknown command.
Unknown command.
Press: ? - help, v - describe, . - travel, g - get item Item here: a potion of resistance.
The floor.
Unknown command.
Unknown command.
As you read the scroll of teleportation {@r4}, it crumbles to dust.
You feel strangely unstable.
You feel the power of the Abyss delaying your translocation!
The broodmother bites you! 😮 HP[-15]
You take 15 damage, and now have 55/96 hp.
Unknown command.
Unknown command.
Unknown command.
The wind drake hisses angrily.
The broodmother barely misses you.
The bloated husk explodes!
The blast of putrescent gases engulfs the broodmother!!
The blast of putrescent gases engulfs you!!!
* * * LOW HITPOINT WARNING * * *
The blast of putrescent gases engulfs the +2 short sword of draining!!
The +2 short sword of draining falls from the air.
The blast of putrescent gases engulfs something!!
You hear a shout! 😱 HP[-35]
You take 35 damage, and now have 20/96 hp.
MASSIVE DAMAGE!! (PAUSE) Unknown command.
The broodmother bites you!!
* * * LOW HITPOINT WARNING * * *
You feel you are being watched by something.
You feel your power leaking away. Something hits you but does no damage.
Something hits you.
* * * LOW HITPOINT WARNING * * *
Something stings you!
You die...

Skill      XL: |  1  2  3  4  5  6  7  8  9 10 11 12 13 14 |
---------------+-------------------------------------------+-----
Invocations    | 1 2 3 4 5 6 7 8 9 10 | 10.7
Short Blades   | 1 2 3 4 5 6 7 8 9 |  9.9
Long Blades    | 1 2 3 4 5 6 7 8 9 |  9.9
Axes           | 1 2 3 4 5 6 7 8 9 |  9.9
Maces & Flails | 1 2 3 4 5 6 7 8 9 |  9.9
Staves         | 1 2 3 4 5 6 7 8 9 |  9.9
Slings         | 1 2 3 4 5 6 7 8 9 |  9.9
Bows           | 1 2 3 4 5 6 7 8 9 |  9.9
Crossbows      | 1 2 3 4 5 6 7 8 9 |  9.9
Throwing       | 1 2 3 4 5 6 7 8 9 |  9.9
Stealth        | 1 2 3 4 5 6 7 8 9 |  9.9
Shields        | 1 2 3 4 5 6 7 8 9 |  9.9
Unarmed Combat | 1 2 3 4 5 6 7 8 9 |  9.9
Spellcasting   | 1 2 3 4 5 6 7 8 9 |  9.9
Evocations     | 1 2 3 4 5 6 7 8 9 |  9.9
Conjurations   | 1 2 3 4 5 6 7 8 |  8.2
Hexes          | 1 2 3 4 5 6 7 8 |  8.2
Summonings     | 1 2 3 4 5 6 7 8 |  8.2
Necromancy     | 1 2 3 4 5 6 7 8 |  8.2
Translocations | 1 2 3 4 5 6 7 8 |  8.2
Transmutations | 1 2 3 4 5 6 7 8 |  8.2
Fire Magic     | 1 2 3 4 5 6 7 8 |  8.2
Ice Magic      | 1 2 3 4 5 6 7 8 |  8.2
Air Magic      | 1 2 3 4 5 6 7 8 |  8.2
Earth Magic    | 1 2 3 4 5 6 7 8 |  8.2
Poison Magic   | 1 2 3 4 5 6 7 8 |  8.2
Armour         | 5 6 7 8 9 10 | 10.9
Dodging        | 5 6 7 8 9 10 | 10.9
Fighting       | 7 8 9 10 11 | 11.8
Polearms       | 7 8 9 10 11 | 11.8

Action                   |  1- 3 |  4- 6 |  7- 9 | 10-12 | 13-15 || total
-------------------------+-------+-------+-------+-------+-------++-------
Melee: Spear             |   121 |    58 |       |       |       ||   179
       Bite              |     9 |    14 |    31 |   115 |   199 ||   368
       Dagger            |       |    62 |   213 |   750 |  1105 ||  2130
       Punch             |       |       |       |       |    43 ||    43
 Fire: Triple crossbow   |       |       |       |       |    41 ||    41
Throw: Stone             |    37 |    14 |     6 |    79 |    14 ||   150
Invok: Berserk           |     1 |     4 |     9 |    11 |    21 ||    46
       Trog's Hand       |     1 |       |       |     9 |    11 ||    21
       Brothers in Arms  |       |       |       |       |     1 ||     1
Evoke: Wand              |       |       |     4 |       |     2 ||     6
  Use: Scroll            |     1 |       |     8 |     6 |    10 ||    25
       Potion            |       |       |       |     1 |    16 ||    17
 Stab: Sleeping          |     1 |     3 |     8 |     9 |    13 ||    34
       Distracted        |       |       |       |     1 |     1 ||     2
Armor: Animal skin       |    11 |     4 |     5 |       |       ||    20
       Steam dragon scal |       |       |    25 |    17 |       ||    42
       Scale mail        |       |       |       |   126 |   302 ||   428
       Fire dragon scale |       |       |       |       |    45 ||    45
Dodge: Dodged            |    63 |    54 |   108 |   372 |   918 ||  1515
Block: Buckler           |    14 |    19 |    38 |   174 |   244 ||   489

Levels and vault maps discovered:
D:1:      lemuel_arrival_rhombus, layout_basic, basic_ecumenical_altar,
          minmay_misc_feat_chi
D:2:      layout_rooms, basic_altar
D:3:      layout_basic, minmay_misc_feat_hallway
D:4:      layout_rooms, grunt_temple_overflow_order_and_chaos_2,
          mainiacjoe_overflow_cross_hatched, gammafunk_ghost_mausoleum
D:5:      layout_basic, minitemple, kennysheep_generic_room_12, uniq_pikel
D:6:      layout_gridville, minmay_temple_entry_glass
D:7:      nzn_winding_woodlands_stair_cross
          [nzn_winding_woodlands_5x15_longhouse,
          nzn_winding_woodlands_center_diamonds,
          nzn_winding_woodlands_5x15_jagged,
          nzn_winding_woodlands_5x5_open_star,
          nzn_winding_woodlands_5x5_checkerboard,
          nzn_winding_woodlands_5x15_pockets,
          nzn_winding_woodlands_center_garden,
          nzn_winding_woodlands_5x15_sawtooth], layout_loops_ring,
          fedhas_altar_fruit_tree
D:8:      layout_gridville, kennysheep_mini, uniq_erica
D:9:      layout_loops_ring, nicolae_qazlal_general_emergency,
          chei_slow_surprise, dpeg_lair_monsters, gammafunk_ghost_grave,
          roderic_batcave, minmay_three_doors, uniq_psyche
D:10:     layout_basic, nicolae_overflow_crystal_walls, marbit_many_paths,
          serial_shops, nicolae_diamond_shop, uniq_harold
D:11:     layout_basic, zombieorc2_lemuel, uniq_fannar
D:12:     layout_long_grid
D:13:     layout_stronghold, serial_shops, nicolae_shop_stone,
          kennysheep_mini_moat, nicolae_shop_behind_doors, shop_statue,
          shop_fountains, kb_rosetta, uniq_azrael
D:14:     layout_roguey, david_vaults_4, minivault_24, uniq_frances
D:15:     grunt_enter_depths_magical_seal, layout_gridville, uniq_kirke
Lair:1:   layout_small_grid, serial_bayou_lake_a, infiniplex_staircase_pool,
          uniq_urug
Lair:2:   layout_gridlike, minmay_shoals_entry_beasts,
          minmay_stone_trees_medium, grunt_megastairs_5
Lair:3:   layout_layer_cave
Lair:4:   layout_roguey, guppyfry_snake_entry_island, serial_bayou_shore_a,
          uniq_nergalle
Lair:5:   layout_cave_pods, minmay_slime_entry_oklob_enclosed,
          portal_ice_cave_entry_imps
Abyss:3:  base: D:13, base: D:13, nicolae_abyss_rune_left_handed,
          nicolae_abyss_rune_left_handed, hangedman_summoners_spam,
          hangedman_abyss_theft

Notes
Turn   | Place    | Note
-------+----------+-------------------------------------------
     0 | D:1      | spaghetti the Gnoll Berserker began the quest for the Orb.
     0 | D:1      | Reached XP level 1. HP: 23/23 MP: 1/1
     0 | D:1      | magus.rc [v1.9.6]
    45 | D:1      | Found a faded altar of an unknown god.
   179 | D:1      | Reached XP level 2. HP: 29/29 MP: 2/2
   956 | D:1      | Reached XP level 3. HP: 35/35 MP: 3/3
  1334 | D:2      | Found a basalt altar of Yredelemnul.
  1394 | D:2      | Reached skill level 1 in Invocations
  1418 | D:2      | Reached ** piety under Trog
  1495 | D:2      | Reached skill level 1 in Short Blades
  1495 | D:2      | Reached skill level 1 in Long Blades
  1495 | D:2      | Reached skill level 1 in Axes
  1495 | D:2      | Reached skill level 1 in Maces & Flails
  1495 | D:2      | Reached skill level 1 in Staves
  1495 | D:2      | Reached skill level 1 in Slings
  1495 | D:2      | Reached skill level 1 in Bows
  1495 | D:2      | Reached skill level 1 in Crossbows
  1495 | D:2      | Reached skill level 1 in Throwing
  1495 | D:2      | Reached skill level 1 in Stealth
  1495 | D:2      | Reached skill level 1 in Shields
  1495 | D:2      | Reached skill level 1 in Unarmed Combat
  1495 | D:2      | Reached skill level 1 in Spellcasting
  1495 | D:2      | Reached skill level 1 in Evocations
  1820 | D:2      | Reached XP level 4. HP: 22/41 MP: 5/5
  2098 | D:3      | Noticed a phantom
  2111 | D:3      | Killed a phantom
  2112 | D:3      | Reached skill level 1 in Conjurations
  2112 | D:3      | Reached skill level 1 in Hexes
  2112 | D:3      | Reached skill level 1 in Summonings
  2112 | D:3      | Reached skill level 1 in Necromancy
  2112 | D:3      | Reached skill level 1 in Translocations
  2112 | D:3      | Reached skill level 1 in Transmutations
  2112 | D:3      | Reached skill level 1 in Fire Magic
  2112 | D:3      | Reached skill level 1 in Ice Magic
  2112 | D:3      | Reached skill level 1 in Air Magic
  2112 | D:3      | Reached skill level 1 in Earth Magic
  2112 | D:3      | Reached skill level 1 in Poison Magic
  2112 | D:3      | Reached XP level 5. HP: 47/47 MP: 5/7
  2189 | D:3      | You add the spells Slow, Fulminant Prism, Irradiate and
                  | Enfeeble to your library.
  2189 | D:3      | Got Istriqaabb's Grimoire of Entrancing Attacks {forbidden}
  2639 | D:3      | You pick up a book of Touch {forbidden} and begin
                  | reading...
  2639 | D:3      | You add the spells Static Discharge, Sticky Flame and
                  | Dispel Undead to your library.
  2684 | D:3      | You pick up a book of Displacement {forbidden} and begin
                  | reading...
  2684 | D:3      | You add the spells Lesser Beckoning, Gell's Gravitas and
                  | Teleport Other to your library.
  2700 | D:3      | Identified the +4 dagger of Luta {drain, rC- Str+2 Dex+9}
  2846 | D:3      | You pick up a book of Lightning {forbidden} and begin
                  | reading...
  2846 | D:3      | You add the spells Lightning Bolt and Maxwell's Capacitive
                  | Coupling to your library.
  3020 | D:4      | Found a sacrificial altar of Ru.
  3026 | D:4      | Reached skill level 2 in Invocations
  3026 | D:4      | Reached XP level 6. HP: 53/53 MP: 8/8
  3165 | D:4      | Reached skill level 2 in Short Blades
  3165 | D:4      | Reached skill level 2 in Long Blades
  3165 | D:4      | Reached skill level 2 in Axes
  3165 | D:4      | Reached skill level 2 in Maces & Flails
  3165 | D:4      | Reached skill level 2 in Staves
  3165 | D:4      | Reached skill level 2 in Slings
  3165 | D:4      | Reached skill level 2 in Bows
  3165 | D:4      | Reached skill level 2 in Crossbows
  3165 | D:4      | Reached skill level 2 in Throwing
  3165 | D:4      | Reached skill level 5 in Armour
  3165 | D:4      | Reached skill level 5 in Dodging
  3165 | D:4      | Reached skill level 2 in Stealth
  3165 | D:4      | Reached skill level 2 in Shields
  3165 | D:4      | Reached skill level 2 in Unarmed Combat
  3165 | D:4      | Reached skill level 2 in Spellcasting
  3165 | D:4      | Reached skill level 2 in Evocations
  3586 | D:5      | Entered Level 5 of the Dungeon
  3593 | D:5      | Reached skill level 7 in Fighting
  3593 | D:5      | Reached skill level 7 in Polearms
  3593 | D:5      | Reached XP level 7. HP: 44/60 MP: 10/10
  3596 | D:5      | Reached skill level 2 in Conjurations
  3596 | D:5      | Reached skill level 2 in Hexes
  3596 | D:5      | Reached skill level 2 in Summonings
  3596 | D:5      | Reached skill level 2 in Necromancy
  3596 | D:5      | Reached skill level 2 in Translocations
  3596 | D:5      | Reached skill level 2 in Transmutations
  3596 | D:5      | Reached skill level 2 in Fire Magic
  3596 | D:5      | Reached skill level 2 in Ice Magic
  3596 | D:5      | Reached skill level 2 in Air Magic
  3596 | D:5      | Reached skill level 2 in Earth Magic
  3596 | D:5      | Reached skill level 2 in Poison Magic
  3919 | D:5      | Reached skill level 3 in Invocations
  3999 | D:5      | Noticed a steam dragon
  4014 | D:5      | Killed a steam dragon
  4015 | D:5      | Reached XP level 8. HP: 29/67 MP: 12/12
  4247 | D:5      | Noticed Pikel
  4268 | D:5      | Reached skill level 3 in Short Blades
  4268 | D:5      | Reached skill level 3 in Long Blades
  4268 | D:5      | Reached skill level 3 in Axes
  4268 | D:5      | Reached skill level 3 in Maces & Flails
  4268 | D:5      | Reached skill level 3 in Staves
  4268 | D:5      | Reached skill level 3 in Slings
  4268 | D:5      | Reached skill level 3 in Bows
  4268 | D:5      | Reached skill level 3 in Crossbows
  4268 | D:5      | Reached skill level 3 in Throwing
  4268 | D:5      | Reached skill level 3 in Stealth
  4268 | D:5      | Reached skill level 3 in Shields
  4268 | D:5      | Reached skill level 3 in Unarmed Combat
  4268 | D:5      | Reached skill level 3 in Spellcasting
  4268 | D:5      | Reached skill level 3 in Evocations
  4271 | D:5      | Killed Pikel
  4342 | D:5      | You pick up a book of the Wilderness {forbidden} and begin
                  | reading...
  4342 | D:5      | You add the spells Summon Forest, Summon Mana Viper and
                  | Summon Cactus Giant to your library.
  4357 | D:5      | Reached skill level 3 in Conjurations
  4357 | D:5      | Reached skill level 3 in Hexes
  4357 | D:5      | Reached skill level 3 in Summonings
  4357 | D:5      | Reached skill level 3 in Necromancy
  4357 | D:5      | Reached skill level 3 in Translocations
  4357 | D:5      | Reached skill level 3 in Transmutations
  4357 | D:5      | Reached skill level 3 in Fire Magic
  4357 | D:5      | Reached skill level 3 in Ice Magic
  4357 | D:5      | Reached skill level 3 in Air Magic
  4357 | D:5      | Reached skill level 3 in Earth Magic
  4357 | D:5      | Reached skill level 3 in Poison Magic
  4357 | D:5      | Reached skill level 4 in Invocations
  4540 | D:5      | Found a glowing golden altar of the Shining One.
  4544 | D:5      | Found a bloodstained altar of Trog.
  4545 | D:5      | Found a hazy altar of Hepliaklqana.
  4690 | D:5      | Reached skill level 6 in Armour
  4690 | D:5      | Reached skill level 6 in Dodging
  5040 | D:6      | Reached XP level 9. HP: 67/73 MP: 14/14
  5123 | D:6      | Reached skill level 4 in Short Blades
  5123 | D:6      | Reached skill level 4 in Long Blades
  5123 | D:6      | Reached skill level 4 in Axes
  5123 | D:6      | Reached skill level 4 in Maces & Flails
  5123 | D:6      | Reached skill level 4 in Staves
  5123 | D:6      | Reached skill level 4 in Slings
  5123 | D:6      | Reached skill level 4 in Bows
  5123 | D:6      | Reached skill level 4 in Crossbows
  5123 | D:6      | Reached skill level 4 in Throwing
  5123 | D:6      | Reached skill level 4 in Stealth
  5123 | D:6      | Reached skill level 4 in Shields
  5123 | D:6      | Reached skill level 4 in Unarmed Combat
  5123 | D:6      | Reached skill level 4 in Spellcasting
  5123 | D:6      | Reached skill level 4 in Evocations
  5337 | D:6      | Found a staircase to the Ecumenical Temple.
  5828 | D:7      | Reached *** piety under Trog
  5927 | D:7      | Noticed a boulder beetle
  5944 | D:7      | HP: 23/111 [boulder beetle (8)]
  5953 | D:7      | HP: 7/111 [boulder beetle (10)]
  5954 | D:7      | Killed a boulder beetle
  5955 | D:7      | Reached skill level 8 in Fighting
  5955 | D:7      | Reached skill level 8 in Polearms
  5955 | D:7      | Reached skill level 5 in Invocations
  6330 | D:7      | Reached skill level 4 in Conjurations
  6330 | D:7      | Reached skill level 4 in Hexes
  6330 | D:7      | Reached skill level 4 in Summonings
  6330 | D:7      | Reached skill level 4 in Necromancy
  6330 | D:7      | Reached skill level 4 in Translocations
  6330 | D:7      | Reached skill level 4 in Transmutations
  6330 | D:7      | Reached skill level 4 in Fire Magic
  6330 | D:7      | Reached skill level 4 in Ice Magic
  6330 | D:7      | Reached skill level 4 in Air Magic
  6330 | D:7      | Reached skill level 4 in Earth Magic
  6330 | D:7      | Reached skill level 4 in Poison Magic
  6330 | D:7      | Reached XP level 10. HP: 76/80 MP: 17/17
  6652 | D:7      | Noticed a gargoyle
  6663 | D:7      | Killed a gargoyle
  6664 | D:7      | Reached skill level 5 in Short Blades
  6664 | D:7      | Reached skill level 5 in Long Blades
  6664 | D:7      | Reached skill level 5 in Axes
  6664 | D:7      | Reached skill level 5 in Maces & Flails
  6664 | D:7      | Reached skill level 5 in Staves
  6664 | D:7      | Reached skill level 5 in Slings
  6664 | D:7      | Reached skill level 5 in Bows
  6664 | D:7      | Reached skill level 5 in Crossbows
  6664 | D:7      | Reached skill level 5 in Throwing
  6664 | D:7      | Reached skill level 5 in Stealth
  6664 | D:7      | Reached skill level 5 in Shields
  6664 | D:7      | Reached skill level 5 in Unarmed Combat
  6664 | D:7      | Reached skill level 5 in Spellcasting
  6664 | D:7      | Reached skill level 5 in Evocations
  6818 | D:7      | Noticed a two-headed ogre
  6831 | D:7      | Killed a two-headed ogre
  6832 | D:7      | Reached skill level 7 in Armour
  6832 | D:7      | Reached skill level 7 in Dodging
  7386 | D:7      | Reached skill level 6 in Invocations
  7604 | D:7      | Noticed a white ugly thing
  7612 | D:7      | Killed a white ugly thing
  7962 | D:7      | Noticed a manticore
  7977 | D:7      | Killed a manticore
  8464 | D:7      | Found a blossoming altar of Fedhas.
  8470 | D:7      | Reached XP level 11. HP: 79/87 MP: 19/19
  8712 | D:8      | Found a broken altar of Ashenzari.
  8755 | D:8      | Reached skill level 9 in Fighting
  8755 | D:8      | Reached skill level 6 in Short Blades
  8755 | D:8      | Reached skill level 6 in Long Blades
  8755 | D:8      | Reached skill level 6 in Axes
  8755 | D:8      | Reached skill level 6 in Maces & Flails
  8755 | D:8      | Reached skill level 9 in Polearms
  8755 | D:8      | Reached skill level 6 in Staves
  8755 | D:8      | Reached skill level 6 in Slings
  8755 | D:8      | Reached skill level 6 in Bows
  8755 | D:8      | Reached skill level 6 in Crossbows
  8755 | D:8      | Reached skill level 6 in Throwing
  8755 | D:8      | Reached skill level 6 in Stealth
  8755 | D:8      | Reached skill level 6 in Shields
  8755 | D:8      | Reached skill level 6 in Unarmed Combat
  8755 | D:8      | Reached skill level 6 in Spellcasting
  8755 | D:8      | Reached skill level 6 in Evocations
  8762 | D:8      | Reached skill level 5 in Conjurations
  8762 | D:8      | Reached skill level 5 in Hexes
  8762 | D:8      | Reached skill level 5 in Summonings
  8762 | D:8      | Reached skill level 5 in Necromancy
  8762 | D:8      | Reached skill level 5 in Translocations
  8762 | D:8      | Reached skill level 5 in Transmutations
  8762 | D:8      | Reached skill level 5 in Fire Magic
  8762 | D:8      | Reached skill level 5 in Ice Magic
  8762 | D:8      | Reached skill level 5 in Air Magic
  8762 | D:8      | Reached skill level 5 in Earth Magic
  8762 | D:8      | Reached skill level 5 in Poison Magic
  8786 | D:8      | Noticed Erica
  8814 | D:8      | Killed Erica
  9668 | D:9      | Found a stormy altar of Qazlal.
  9766 | D:9      | Noticed Psyche
  9777 | D:9      | Killed Psyche
  9823 | D:9      | Reached skill level 7 in Invocations
  9964 | D:9      | You pick up a book of Winter {forbidden} and begin
                  | reading...
  9964 | D:9      | You add the spells Ozocubu's Armour, Metabolic Englaciation
                  | and Simulacrum to your library.
 10158 | D:9      | Noticed a death yak
 10160 | D:9      | Found a staircase to the Lair.
 10161 | D:9      | Noticed a death yak
 10165 | D:9      | Noticed a death yak
 10175 | D:9      | Killed a death yak
 10175 | D:9      | Noticed a red ugly thing
 10176 | D:9      | Reached skill level 8 in Armour
 10176 | D:9      | Reached skill level 8 in Dodging
 10200 | D:9      | Killed a death yak
 10203 | D:9      | Killed a death yak
 10220 | D:9      | Killed a red ugly thing
 10376 | D:9      | Found a snail-covered altar of Cheibriados.
 10450 | D:9      | Found a runed translucent door.
 10450 | D:9      | Noticed NateTC's ghost (journeyman MiFi)
 10579 | D:9      | Noticed a cyclops
 10586 | D:9      | Killed a cyclops
 10587 | D:9      | Reached XP level 12. HP: 96/96 MP: 22/22
 11220 | Lair:1   | Entered Level 1 of the Lair of Beasts
 11225 | Lair:1   | Noticed Urug
 11228 | Lair:1   | Killed Urug
 11229 | Lair:1   | Reached skill level 7 in Short Blades
 11229 | Lair:1   | Reached skill level 7 in Long Blades
 11229 | Lair:1   | Reached skill level 7 in Axes
 11229 | Lair:1   | Reached skill level 7 in Maces & Flails
 11229 | Lair:1   | Reached skill level 7 in Staves
 11229 | Lair:1   | Reached skill level 7 in Slings
 11229 | Lair:1   | Reached skill level 7 in Bows
 11229 | Lair:1   | Reached skill level 7 in Crossbows
 11229 | Lair:1   | Reached skill level 7 in Throwing
 11229 | Lair:1   | Reached skill level 7 in Stealth
 11229 | Lair:1   | Reached skill level 7 in Shields
 11229 | Lair:1   | Reached skill level 7 in Unarmed Combat
 11229 | Lair:1   | Reached skill level 7 in Spellcasting
 11229 | Lair:1   | Reached skill level 7 in Evocations
 11335 | Lair:1   | Reached **** piety under Trog
 12181 | Lair:1   | Reached skill level 6 in Conjurations
 12181 | Lair:1   | Reached skill level 6 in Hexes
 12181 | Lair:1   | Reached skill level 6 in Summonings
 12181 | Lair:1   | Reached skill level 6 in Necromancy
 12181 | Lair:1   | Reached skill level 6 in Translocations
 12181 | Lair:1   | Reached skill level 6 in Transmutations
 12181 | Lair:1   | Reached skill level 6 in Fire Magic
 12181 | Lair:1   | Reached skill level 6 in Ice Magic
 12181 | Lair:1   | Reached skill level 6 in Air Magic
 12181 | Lair:1   | Reached skill level 6 in Earth Magic
 12181 | Lair:1   | Reached skill level 6 in Poison Magic
 12236 | Lair:1   | Reached skill level 8 in Invocations
 13440 | Lair:2   | Found a staircase to the Shoals.
 13453 | Lair:2   | Reached skill level 10 in Fighting
 13453 | Lair:2   | Reached skill level 10 in Polearms
 13823 | Lair:2   | Noticed a four-headed hydra
 13835 | Lair:2   | Killed a four-headed hydra
 14140 | Lair:2   | You pick up a book of Blasting {forbidden} and begin
                  | reading...
 14140 | Lair:2   | You add the spells Iskenderun's Mystic Blast and Lee's
                  | Rapid Deconstruction to your library.
 14205 | Lair:2   | Reached skill level 9 in Armour
 14205 | Lair:2   | Reached skill level 9 in Dodging
 14311 | Lair:2   | HP: 30/145 [yak (9)]
 14313 | Lair:2   | HP: 11/145 [yak (10)]
 14313 | Lair:2   | HP: 5/145 [yak (6)]
 15005 | Lair:3   | Reached XP level 13. HP: 79/103 MP: 24/24
 15678 | Lair:3   | You add the spells Conjure Flame and Ignite Poison to your
                  | library.
 15907 | Lair:3   | Reached skill level 8 in Short Blades
 15907 | Lair:3   | Reached skill level 8 in Long Blades
 15907 | Lair:3   | Reached skill level 8 in Axes
 15907 | Lair:3   | Reached skill level 8 in Maces & Flails
 15907 | Lair:3   | Reached skill level 8 in Staves
 15907 | Lair:3   | Reached skill level 8 in Slings
 15907 | Lair:3   | Reached skill level 8 in Bows
 15907 | Lair:3   | Reached skill level 8 in Crossbows
 15907 | Lair:3   | Reached skill level 8 in Throwing
 15907 | Lair:3   | Reached skill level 8 in Stealth
 15907 | Lair:3   | Reached skill level 8 in Shields
 15907 | Lair:3   | Reached skill level 8 in Unarmed Combat
 15907 | Lair:3   | Reached skill level 8 in Spellcasting
 15907 | Lair:3   | Reached skill level 8 in Evocations
 16281 | Lair:3   | You pick up a book of Scorching {forbidden} and begin
                  | reading...
 16281 | Lair:3   | You add the spells Scorch and Flame Wave to your library.
 16740 | Lair:4   | You pick up a book of Conjurations {forbidden@e2} and begin
                  | reading...
 16740 | Lair:4   | You add the spells Magic Dart and Searing Ray to your
                  | library.
 17070 | Lair:4   | You pick up a book of the Moon {forbidden} and begin
                  | reading...
 17070 | Lair:4   | You add the spells Passage of Golubria, Silence and
                  | Lehudib's Crystal Spear to your library.
 17666 | Lair:4   | Reached skill level 9 in Invocations
 17806 | Lair:4   | Found a staircase to the Snake Pit.
 17902 | Lair:4   | HP: 34/156 [electric eel/bolt of electricity (8)]
 17912 | Lair:4   | HP: 12/104 [electric eel/bolt of electricity (9)]
 17916 | Lair:4   | Noticed Nergalle
 17945 | Lair:4   | Killed Nergalle
 18093 | Lair:4   | Identified the +1 leather armour of Nimuw {+Inv rF+ SInv}
 18541 | Lair:5   | Reached skill level 7 in Conjurations
 18541 | Lair:5   | Reached skill level 7 in Hexes
 18541 | Lair:5   | Reached skill level 7 in Summonings
 18541 | Lair:5   | Reached skill level 7 in Necromancy
 18541 | Lair:5   | Reached skill level 7 in Translocations
 18541 | Lair:5   | Reached skill level 7 in Transmutations
 18541 | Lair:5   | Reached skill level 7 in Fire Magic
 18541 | Lair:5   | Reached skill level 7 in Ice Magic
 18541 | Lair:5   | Reached skill level 7 in Air Magic
 18541 | Lair:5   | Reached skill level 7 in Earth Magic
 18541 | Lair:5   | Reached skill level 7 in Poison Magic
 18705 | Lair:5   | Found a frozen archway.
 18992 | Lair:5   | HP: 35/156 [blink frog (14)]
 19002 | Lair:5   | HP: 25/156 [blink frog (6)]
 19011 | Lair:5   | Gained mutation: Your magical capacity is low. (-10% MP)
                  | [potion of mutation]
 19014 | Lair:5   | HP: 24/104 [blink frog (13)]
 19019 | Lair:5   | HP: 26/104 [blink frog (12)]
 20116 | D:10     | Entered Level 10 of the Dungeon
 20184 | D:10     | Noticed Harold
 20196 | D:10     | Killed Harold
 20363 | D:10     | Found an ornate altar of the Wu Jian Council.
 20461 | D:10     | Found Ceumux's Assorted Antiques.
 20483 | D:10     | Bought a runed executioner's axe for 299 gold pieces
 20483 | D:10     | V - a +0 executioner's axe of venom {axerare=g}
 20887 | D:10     | Found a basalt altar of Yredelemnul.
 21013 | D:11     | Found a staircase to the Orcish Mines.
 21015 | D:11     | Noticed Fannar
 21254 | D:11     | Killed Fannar
 21810 | D:11     | Reached skill level 11 in Fighting
 21810 | D:11     | Reached skill level 11 in Polearms
 21810 | D:11     | Reached skill level 10 in Armour
 21810 | D:11     | Reached skill level 10 in Dodging
 21813 | D:11     | Reached XP level 14. HP: 98/113 MP: 24/24
 22533 | D:12     | Lost mutation: Your magical capacity is low. (-10% MP)
                  | [potion of mutation]
 22533 | D:12     | Gained mutation: You are covered in fur. (AC +1) [potion of
                  | mutation]
 22533 | D:12     | Gained mutation: You expend magic power (3 MP) to
                  | strengthen your wands. [potion of mutation]
 22583 | D:12     | HP: 41/169 [yak (4)]
 23320 | D:12     | Reached skill level 9 in Short Blades
 23320 | D:12     | Reached skill level 9 in Long Blades
 23320 | D:12     | Reached skill level 9 in Axes
 23320 | D:12     | Reached skill level 9 in Maces & Flails
 23320 | D:12     | Reached skill level 9 in Staves
 23320 | D:12     | Reached skill level 9 in Slings
 23320 | D:12     | Reached skill level 9 in Bows
 23320 | D:12     | Reached skill level 9 in Crossbows
 23320 | D:12     | Reached skill level 9 in Throwing
 23320 | D:12     | Reached skill level 9 in Stealth
 23320 | D:12     | Reached skill level 9 in Shields
 23320 | D:12     | Reached skill level 9 in Unarmed Combat
 23320 | D:12     | Reached skill level 9 in Spellcasting
 23320 | D:12     | Reached skill level 9 in Evocations
 23763 | D:13     | You pick up a book of the Tundra {forbidden} and begin
                  | reading...
 23763 | D:13     | You add the spells Hailstorm and Ice Form to your library.
 23768 | D:13     | You pick up a book of the Spheres {forbidden} and begin
                  | reading...
 23768 | D:13     | You add the spells Iskenderun's Battlesphere, Fireball,
                  | Conjure Ball Lightning and Orb of Destruction to your
                  | library.
 23859 | D:13     | Found Kiela's General Store.
 23871 | D:13     | Found Dohamm's Magic Scroll Shop.
 23942 | D:13     | Noticed Azrael
 24170 | D:13     | Killed Azrael
 24569 | D:13     | Found Rioriah's Assorted Antiques.
 24576 | D:13     | Bought a transparent triple crossbow for 375 gold pieces
 24576 | D:13     | Identified the +6 triple crossbow of the Mauling Gods
                  | {flame, rPois Dex+4} (You bought it in a shop on level 13
                  | of the Dungeon)
 24580 | D:13     | You drop a +0 executioner's axe of venom {axerare=g}.
 24590 | D:13     | V - a +0 executioner's axe of venom {axerare=g}
 24617 | D:13     | Reached skill level 10 in Invocations
 24684 | D:13     | Found Dutopnim's Weapon Shoppe.
 24787 | D:13     | Found Lexzoit's Book Emporium.
 25374 | D:14     | Noticed Frances
 25405 | D:14     | Killed Frances
 25611 | D:14     | HP: 28/113 [rock wall collision (1)]
 25619 | D:14     | HP: 24/169 [rakshasa/+0 long sword (3)]
 25749 | D:14     | HP: 24/113 [centaur warrior/+2 vorpal quarterstaff (7)]
 25750 | D:14     | HP: 11/113 [centaur warrior/+2 vorpal quarterstaff (3)]
 26246 | D:14     | HP: 20/113 [vampire mosquito (9)]
 26251 | D:14     | HP: 27/113 [fire dragon/blast of flame[a boggart] (20)]
 26983 | D:14     | Reached skill level 8 in Conjurations
 26983 | D:14     | Reached skill level 8 in Hexes
 26983 | D:14     | Reached skill level 8 in Summonings
 26983 | D:14     | Reached skill level 8 in Necromancy
 26983 | D:14     | Reached skill level 8 in Translocations
 26983 | D:14     | Reached skill level 8 in Transmutations
 26983 | D:14     | Reached skill level 8 in Fire Magic
 26983 | D:14     | Reached skill level 8 in Ice Magic
 26983 | D:14     | Reached skill level 8 in Air Magic
 26983 | D:14     | Reached skill level 8 in Earth Magic
 26983 | D:14     | Reached skill level 8 in Poison Magic
 27211 | D:14     | Found a gate to the Vaults.
 27252 | D:15     | Entered Level 15 of the Dungeon
 27302 | D:15     | HP: 18/169 [tengu conjurer/bolt of lightning (25)]
 27305 | D:15     | HP: 8/169 [tengu conjurer (3)]
 27896 | D:15     | Noticed Kirke
 27907 | D:15     | Killed Kirke
 27908 | D:15     | Reached XP level 15. HP: 120/120 MP: 28/28
 28352 | D:15     | Found a staircase to the Depths.
 28363 | D:15     | You are cast into the Abyss!
 28363 | D:15     | Cast into level 3 of the Abyss (a wizard)
 28488 | Abyss:3  | Noticed a bone dragon
 28510 | Abyss:3  | HP: 20/96 [spore (36)]
 28511 | Abyss:3  | HP: 4/96 [broodmother (18)]
 28511 | Abyss:3  | HP: 1/96 [something (3)]
 28511 | Abyss:3  | Mangled by a ghost moth

Vanquished Creatures
  Frances (D:14)
  Kirke (D:15)
  Azrael (D:13)
  Fannar (D:11)
  A rakshasa (D:14)
  A fire dragon (D:14)
  7 hydras
  Harold (D:10)
  3 boulder beetles
  5 centaur warriors
  Erica (D:8)
  3 two-headed ogres
  A catoblepas (Lair:4)
  3 death yaks (D:9)
  A tengu warrior (D:14)
  Urug (Lair:1)
  Nergalle (Lair:4)
  A deep troll (D:14)
  A glowing orange brain (shapeshifter) (D:14)
  A wizard (D:15)
  2 deep elf pyromancers
  Pikel (D:5)
  A necromancer (D:15)
  2 oklob plants (Lair:4)
  18 ugly things
  3 cyclopes
  3 manticores
  5 elephants (Lair:5)
  2 orc sorcerers (D:15)
  A naga mage (D:15)
  A gargoyle (D:7)
  9 cane toads
  Psyche (D:9)
  2 rime drakes
  A rime drake (shapeshifter) (D:15)
  An unseen horror (D:13)
  5 komodo dragons
  An efreet (D:14)
  A tengu conjurer (D:15)
  A troll (D:10)
  A polar bear (Lair:2)
  A meliai (shapeshifter) (D:13)
  A wind drake (Lair:2)
  A tarantella (Abyss:3)
  A slime creature (D:13)
  10 blink frogs
  A blink frog (shapeshifter) (Abyss:3)
  3 centaur simulacra
  5 shadows
  2 wyverns
  44 yaks
  2 wraiths
  5 hogs (D:15)
  3 fire elementals (D:12)
  A basilisk (Lair:4)
  A large abomination (Abyss:3)
  4 steam dragons
  9 vampire mosquitoes
  3 nagas (Lair:4)
  2 acid dragons
  13 water moccasins
  2 hell hounds
  3 orc warriors
  2 sky beasts (D:7)
  3 ice beasts
  A black bear (Lair:2)
  3 ogres
  5 wolves (Lair:3)
  5 boggarts (D:14)
  3 lemures (D:5)
  9 centaurs
  3 phantoms
  2 kobold brigands
  A necrophage (D:5)
  13 bullfrogs
  2 gnoll sergeants
  3 scorpions
  5 wights (D:7)
  14 killer bees
  6 howler monkeys
  A vampire bat (D:9)
  5 electric eels
  4 hounds
  2 jellies
  3 orc priests
  A gnoll shaman (D:9)
  5 iguanas
  8 orc wizards
  2 hell rats (D:9)
  8 ogre zombies (D:11)
  15 gnolls
  9 adders
  A river rat (D:9)
  A shadow imp (D:7)
  16 white imps
  2 ufetubi
  A worm (D:5)
  A dart slug (D:3)
  33 orcs
  2 endoplasms
  4 giant cockroaches
  2 goblins (D:1)
  10 hobgoblins
  3 jackals (D:5)
  12 kobolds
  7 quokkas
  5 ball pythons
  12 bats
  5 frilled lizards
  A goblin skeleton (D:11)
  6 goblin zombies (D:11)
  2 hobgoblin skeletons (D:11)
  A hobgoblin zombie (D:11)
  3 orc skeletons (D:11)
  12 orc zombies (D:11)
  9 rats
509 creatures vanquished.

Vanquished Creatures (collateral kills)
  3 vampire mosquitoes (D:14)
3 creatures vanquished.

Vanquished Creatures (others)
  A dancing weapon (Abyss:3)
  A bloated husk (Abyss:3)
  6 fungi
  26 plants
  2 withered plants (D:9)
36 creatures vanquished.

Grand Total: 548 creatures vanquished

Table legend:
 A = Non-vault XP
 B = Vault XP
 C = Vault XP percentage of total XP
 D = Non-vault monster count
 E = Vault monster count
 F = Vault count percentage of total count
                 A         B        C        D         E       F
            +---------+---------+-------+---------+---------+-------
      Total |   64329 |   28800 |  30.9 |     367 |     142 |  27.9
            +---------+---------+-------+---------+---------+-------
        D:1 |      40 |       0 |   0.0 |      25 |       0 |   0.0
        D:2 |      52 |       0 |   0.0 |      17 |       0 |   0.0
        D:3 |     214 |       0 |   0.0 |      21 |       0 |   0.0
        D:4 |     252 |       0 |   0.0 |      11 |       0 |   0.0
        D:5 |    1168 |     595 |  33.7 |      24 |       2 |   7.7
        D:6 |     918 |       0 |   0.0 |      21 |       0 |   0.0
        D:7 |    1903 |    4098 |  68.3 |      19 |      30 |  61.2
        D:8 |    2063 |     847 |  29.1 |      21 |       1 |   4.5
        D:9 |    3413 |    4170 |  55.0 |      36 |      20 |  35.7
       D:10 |    1336 |    1183 |  47.0 |      15 |       2 |  11.8
       D:11 |    2302 |    1789 |  43.7 |       9 |      37 |  80.4
       D:12 |    3929 |     701 |  15.1 |      10 |       4 |  28.6
       D:13 |    4235 |    3111 |  42.3 |       7 |       6 |  46.2
       D:14 |   12447 |    3757 |  23.2 |      31 |       4 |  11.4
       D:15 |    5350 |    4959 |  48.1 |       9 |      12 |  57.1
     Lair:1 |    3854 |     792 |  17.0 |      17 |       1 |   5.6
     Lair:2 |    5252 |    1413 |  21.2 |      22 |       5 |  18.5
     Lair:3 |    3371 |       0 |   0.0 |      17 |       0 |   0.0
     Lair:4 |    6617 |    1262 |  16.0 |      18 |       4 |  18.2
     Lair:5 |    5613 |     123 |   2.1 |      16 |      12 |  42.9
    Abyss:3 |       0 |       0 |   N/A |       1 |       2 |  66.7
            +---------+---------+-------+---------+---------+-------

Illustrated notes

Table legend:
 A = Kills in this place as a percentage of kills in entire the game.
 B = Kills by you in this place as a percentage of kills by you in the entire game.
 C = Kills by friends in this place as a percentage of kills by friends in the entire game.
 D = Other kills in this place as a percentage of other kills in the entire game.
 E = Experience gained in this place as a percentage of experience gained in the entire game.
 F = Experience gained in this place divided by the number of levels of this place that you have seen.
                   A       B       C       D       E      F
               +-------+-------+-------+-------+-------+----------------------
         Total | 100.0 | 100.0 | 100.0 |   N/A | 100.0 | 4434.7
       Dungeon |  77.4 |  77.3 | 100.0 |   N/A |  69.6 | 4322.1
          Lair |  22.0 |  22.1 |   0.0 |   N/A |  30.4 | 5659.4
         Abyss |   0.6 |   0.6 |   0.0 |   N/A |   0.0 |   0.0
               +-------+-------+-------+-------+-------+----------------------

Table legend: (Time is in decaauts)
 A = Elapsed time spent in this place.
 B = Non-inter-level travel time spent in this place.
 C = Inter-level travel time spent in this place.
 D = Time resting spent in this place.
 E = Time spent auto-exploring this place.
 F = Levels seen in this place.
 G = Mean time per level.
                   A        B        C        D        E       F      G
               +--------+--------+--------+--------+--------+-----+--------+
         Total |  28225 |  27476 |    749 |   7947 |  15918 |  21 | 1344.0 |
       Dungeon |  19311 |  18797 |    514 |   5295 |  10873 |  15 | 1287.4 |
          Lair |   8775 |   8540 |    235 |   2651 |   4986 |   5 | 1755.0 |
         Abyss |    138 |    138 |      0 |      0 |     59 |   1 |  138.0 |
               +--------+--------+--------+--------+--------+-----+--------+

Top non-repeatable levels by time:
     D:7: 2822 daAuts
    D:14: 2677 daAuts
  Lair:3: 1945 daAuts
  Lair:4: 1836 daAuts
  Lair:1: 1834 daAuts
  Lair:2: 1668 daAuts
     D:9: 1620 daAuts
    D:12: 1509 daAuts
  Lair:5: 1490 daAuts
    D:11: 1292 daAuts
     D:5: 1278 daAuts
     D:1: 1225 daAuts
    D:13: 1122 daAuts
     D:6: 1000 daAuts
     D:3: 950 daAuts
